| TOP OF THE 1ST |
|
Los Angeles (NYP) Angels batting - Pitching for Minnesota (NYP) Twins : LHP Sandy Benitez
|
|
Pitching: LHP Sandy Benitez
|
|
|
Batting: RHB Khalil Thurston
|
0-0: Ball 1-0: Ball 2-0: Ball 3-0: Base on Balls
|
|
Batting: RHB Arnaud Derosiers
|
0-0: Called Strike 0-1: Fielders Choice at 2nd, 4-6 (Groundball, 4S, EV 80.0 MPH)
|
|
Batting: RHB Dean LeCroy
|
0-0: Ball 1-0: TRIPLE (Line Drive, 9LD, EV 105.6 MPH) Arnaud Derosiers scores
|
|
Batting: RHB Dan Burkhart
|
0-0: Foul Ball, location: 2F 0-1: Called Strike 0-2: Strikes out looking
|
|
Batting: RHB Aaron Bryant
|
0-0: Called Strike 0-1: Foul Ball, location: 2F 0-2: Strikes out swinging
|
| Top of the 1st over - 1 run, 1 hit, 0 errors, 1 left on base; Los Angeles (NYP) 1 - Minnesota (NYP) 0 |
| BOTTOM OF THE 1ST |
|
Minnesota (NYP) Twins batting - Pitching for Los Angeles (NYP) Angels : LHP Jon Lawson
|
|
Pitching: LHP Jon Lawson
|
|
|
Batting: RHB Caleb Bockmann
|
0-0: Ball 1-0: Ball 2-0: Ground out 5-3 (Groundball, 56, EV 83.1 MPH)
|
|
Batting: RHB David McClellan
|
0-0: Called Strike 0-1: Called Strike 0-2: SINGLE (Groundball, 56S, EV 71.2 MPH) (infield hit)
|
|
Batting: RHB Steve Raine
|
0-0: Called Strike 0-1: Ball 1-1: Swinging Strike 1-2: Strikes out swinging
|
|
Batting: LHB Hector Olvera
|
0-0: Ball 1-0: Called Strike 1-1: Called Strike 1-2: Ball 2-2: Ball 3-2: Foul Ball, location: 2F 3-2: Foul Ball, location: 2F 3-2: SINGLE (Groundball, 4MD, EV 100.0 MPH) David McClellan to second David McClellan to third
|
|
Batting: RHB Fernando Bravo
|
0-0: SINGLE (Groundball, 4MD, EV 111.2 MPH) David McClellan scores Hector Olvera to second
|
|
Batting: RHB Chris Bejarano
|
0-0: 3-RUN HOME RUN (Flyball, 7D, EV 108.8 MPH), Distance : 395 ft
|
|
Batting: LHB Ben Roth
|
0-0: Ball 1-0: Ball 2-0: Ball 3-0: Called Strike 3-1: Base on Balls
|
|
Batting: LHB Jose Hilario
|
0-0: Ball 1-0: Swinging Strike 1-1: Called Strike 1-2: Ground out 5-3 (Groundball, 56, EV 111.2 MPH)
|
| Bottom of the 1st over - 4 runs, 4 hits, 0 errors, 1 left on base; Los Angeles (NYP) 1 - Minnesota (NYP) 4 |
| TOP OF THE 2ND |
|
Los Angeles (NYP) Angels batting - Pitching for Minnesota (NYP) Twins : LHP Sandy Benitez
|
|
Batting: LHB Bill Girton
|
0-0: Fly out, F9 (Flyball, 9LM, EV 83.1 MPH)
|
|
Batting: RHB Wilford Harper
|
0-0: Ball 1-0: Foul Ball, location: 2F 1-1: Ball 2-1: Called Strike 2-2: Ground out 4-3 (Groundball, 4, EV 88.8 MPH)
|
|
Batting: RHB David Rhodes
|
0-0: Ball 1-0: SINGLE (Line Drive, 6MD, EV 100.0 MPH)
|
|
Batting: RHB Ron Major
|
0-0: Ball 1-0: Fielders Choice at 2nd, 6-4 (Groundball, 6, EV 108.1 MPH)
|
| Top of the 2nd over - 0 runs, 1 hit, 0 errors, 1 left on base; Los Angeles (NYP) 1 - Minnesota (NYP) 4 |
| BOTTOM OF THE 2ND |
|
Minnesota (NYP) Twins batting - Pitching for Los Angeles (NYP) Angels : LHP Jon Lawson
|
|
Batting: SHB Juan Aguilar
|
0-0: Ball 1-0: Swinging Strike 1-1: Ball 2-1: SOLO HOME RUN (Flyball, 7D, EV 103.8 MPH), Distance : 386 ft
|
|
Batting: RHB Caleb Bockmann
|
0-0: Ball 1-0: Ball 2-0: Ball 3-0: Called Strike 3-1: Fly out, F7 (Flyball, 7, EV 85.6 MPH)
|
|
Batting: RHB David McClellan
|
0-0: SINGLE (Groundball, 34S, EV 72.5 MPH) (infield hit)
|
|
Batting: RHB Steve Raine
|
0-0: Ball David McClellan steals 2nd base 1-0: Ball 2-0: Called Strike 2-1: Called Strike David McClellan steals 3rd base 2-2: Foul Ball, location: 2F 2-2: Strikes out swinging
|
|
Batting: LHB Hector Olvera
|
0-0: Called Strike 0-1: Swinging Strike 0-2: Foul Ball, location: 2F 0-2: Strikes out swinging
|
| Bottom of the 2nd over - 1 run, 2 hits, 0 errors, 1 left on base; Los Angeles (NYP) 1 - Minnesota (NYP) 5 |
| TOP OF THE 3RD |
|
Los Angeles (NYP) Angels batting - Pitching for Minnesota (NYP) Twins : LHP Sandy Benitez
|
|
Batting: RHB Khalil Thurston
|
0-0: Ball 1-0: Ball 2-0: Ground out 4-3 (Groundball, 4, EV 91.9 MPH)
|
|
Batting: RHB Arnaud Derosiers
|
0-0: Called Strike 0-1: Foul Ball, location: 2F 0-2: Foul Ball, location: 2F 0-2: Ball 1-2: DOUBLE (Line Drive, 7LS, EV 112.5 MPH)
|
|
Batting: RHB Dean LeCroy
|
0-0: Fly out, F2 (Popup, 15S, EV 93.1 MPH)
|
|
Batting: RHB Dan Burkhart
|
0-0: Called Strike 0-1: Called Strike 0-2: Foul Ball, location: 2F 0-2: Ball 1-2: Strikes out swinging
|
| Top of the 3rd over - 0 runs, 1 hit, 0 errors, 1 left on base; Los Angeles (NYP) 1 - Minnesota (NYP) 5 |
| BOTTOM OF THE 3RD |
|
Minnesota (NYP) Twins batting - Pitching for Los Angeles (NYP) Angels : LHP Jon Lawson
|
|
Batting: RHB Fernando Bravo
|
0-0: Ball 1-0: TRIPLE (Line Drive, 8RXD, EV 103.8 MPH)
|
|
Pitching: LHP Paul Griffin
|
|
|
Batting: RHB Chris Bejarano
|
0-0: Ball 1-0: Foul Ball, location: 2F 1-1: Swinging Strike 1-2: Strikes out swinging
|
|
Batting: LHB Ben Roth
|
0-0: Called Strike 0-1: Ball 1-1: Foul Ball, location: 2F 1-2: Ball 2-2: Ball 3-2: Base on Balls
|
|
Batting: LHB Jose Hilario
|
0-0: Called Strike 0-1: Foul Ball, location: 2F 0-2: Ball 1-2: Ball 2-2: Strikes out swinging
|
|
Batting: SHB Juan Aguilar
|
0-0: Called Strike 0-1: Foul Ball, location: 2F 0-2: Ball 1-2: Strikes out swinging
|
| Bottom of the 3rd over - 0 runs, 1 hit, 0 errors, 2 left on base; Los Angeles (NYP) 1 - Minnesota (NYP) 5 |
| TOP OF THE 4TH |
|
Los Angeles (NYP) Angels batting - Pitching for Minnesota (NYP) Twins : LHP Sandy Benitez
|
|
Batting: RHB Aaron Bryant
|
0-0: Ball 1-0: Ball 2-0: Called Strike 2-1: Swinging Strike 2-2: Foul Ball, location: 2F 2-2: SINGLE (Groundball, 25, EV 67.5 MPH) (infield hit)
|
|
Pitching: LHP Bryan Rouse
|
|
|
Batting: LHB Bill Girton
|
0-0: Ball 1-0: Foul Ball, location: 2F 1-1: Ball 2-1: Ball 3-1: Base on Balls Aaron Bryant to second
|
|
Batting: RHB Wilford Harper
|
0-0: Foul Ball, location: 2F 0-1: Grounds into double play, 4-6-3 (Groundball, 4S, EV 86.9 MPH) Aaron Bryant to third
|
|
Batting: RHB David Rhodes
|
0-0: Called Strike 0-1: SINGLE (Groundball, 56D, EV 94.4 MPH) Aaron Bryant scores
|
|
Batting: RHB Ron Major
|
0-0: Ball 1-0: Swinging Strike 1-1: Foul Ball, location: 2F 1-2: Ball 2-2: Ball 3-2: Base on Balls David Rhodes to second
|
|
Batting: RHB Khalil Thurston
|
Balk! David Rhodes to third Ron Major to second 0-0: Foul Ball, location: 2F 0-1: Ground out 6-3 (Groundball, 6, EV 86.9 MPH)
|
| Top of the 4th over - 1 run, 2 hits, 0 errors, 2 left on base; Los Angeles (NYP) 2 - Minnesota (NYP) 5 |
| BOTTOM OF THE 4TH |
|
Minnesota (NYP) Twins batting - Pitching for Los Angeles (NYP) Angels : LHP Paul Griffin
|
|
Batting: RHB Caleb Bockmann
|
0-0: Ball 1-0: Swinging Strike 1-1: Ball 2-1: Swinging Strike 2-2: Foul Ball, location: 2F 2-2: Ground out U3 (Groundball, 34, EV 80.6 MPH)
|
|
Batting: RHB David McClellan
|
0-0: Ball 1-0: Ball 2-0: SINGLE (Groundball, 56S, EV 76.2 MPH) (infield hit)
|
|
Batting: RHB Steve Raine
|
0-0: Ball 1-0: SINGLE (Groundball, 34, EV 103.8 MPH) David McClellan to second Runner from 2nd tries for 3rd, SAFE, throw by RF made to third Steve Raine to second
|
|
Batting: LHB Hector Olvera
|
0-0: Ball 1-0: Foul Ball, location: 2F 1-1: Called Strike 1-2: Ball 2-2: DOUBLE (Flyball, 89D, EV 97.5 MPH) David McClellan scores Steve Raine scores
|
|
Batting: RHB Fernando Bravo
|
0-0: Foul Ball, location: 2F 0-1: Ball 1-1: Ball 2-1: Ball 3-1: Called Strike 3-2: Base on Balls
|
|
Pitching: RHP Troy Ingram
|
|
|
Batting: RHB Chris Bejarano
|
0-0: Called Strike 0-1: Foul Ball, location: 2F 0-2: Ball 1-2: Ball 2-2: Foul Ball, location: 2F 2-2: Foul Ball, location: 2F 2-2: Strikes out swinging
|
|
Batting: LHB Ben Roth
|
0-0: Swinging Strike 0-1: Ball 1-1: Called Strike 1-2: Ball 2-2: Foul Ball, location: 2F 2-2: Ball 3-2: Foul Ball, location: 2F 3-2: Foul Ball, location: 2F 3-2: Strikes out swinging
|
| Bottom of the 4th over - 2 runs, 3 hits, 0 errors, 2 left on base; Los Angeles (NYP) 2 - Minnesota (NYP) 7 |
| TOP OF THE 5TH |
|
Los Angeles (NYP) Angels batting - Pitching for Minnesota (NYP) Twins : LHP Bryan Rouse
|
|
Batting: RHB Arnaud Derosiers
|
0-0: Ball 1-0: SINGLE (Flyball, 3D, EV 86.9 MPH)
|
|
Batting: RHB Dean LeCroy
|
0-0: Fly out, F6 (Popup, 15S, EV 83.8 MPH)
|
|
Batting: RHB Dan Burkhart
|
0-0: Ball 1-0: Ball 2-0: Fly out, F8 (Flyball, 8LXD, EV 106.2 MPH)
|
|
Batting: RHB Aaron Bryant
|
0-0: Called Strike 0-1: Foul Ball, location: 2F 0-2: Strikes out swinging
|
| Top of the 5th over - 0 runs, 1 hit, 0 errors, 1 left on base; Los Angeles (NYP) 2 - Minnesota (NYP) 7 |
| BOTTOM OF THE 5TH |
|
Minnesota (NYP) Twins batting - Pitching for Los Angeles (NYP) Angels : RHP Troy Ingram
|
|
Batting: LHB Jose Hilario
|
0-0: Called Strike 0-1: Fly out, F8 (Flyball, 8LXD, EV 76.2 MPH)
|
|
Batting: SHB Juan Aguilar
|
0-0: Foul Ball, location: 2F 0-1: Called Strike 0-2: Strikes out swinging
|
|
Batting: RHB Caleb Bockmann
|
0-0: Called Strike 0-1: Ball 1-1: Foul Ball, location: 2F 1-2: Ball 2-2: Fly out, F9 (Flyball, 9D, EV 100.6 MPH)
|
| Bottom of the 5th over - 0 runs, 0 hits, 0 errors, 0 left on base; Los Angeles (NYP) 2 - Minnesota (NYP) 7 |
| TOP OF THE 6TH |
|
Los Angeles (NYP) Angels batting - Pitching for Minnesota (NYP) Twins : LHP Bryan Rouse
|
|
Batting: LHB Bill Girton
|
0-0: Called Strike 0-1: Swinging Strike 0-2: Foul Ball, location: 2F 0-2: Strikes out swinging
|
|
Batting: RHB Wilford Harper
|
0-0: Ball 1-0: Ground out 6-3 (Groundball, 6D, EV 98.1 MPH)
|
|
Batting: RHB David Rhodes
|
0-0: Ball 1-0: Fly out, F6 (Popup, 6M, EV 57.5 MPH)
|
| Top of the 6th over - 0 runs, 0 hits, 0 errors, 0 left on base; Los Angeles (NYP) 2 - Minnesota (NYP) 7 |
| BOTTOM OF THE 6TH |
|
Minnesota (NYP) Twins batting - Pitching for Los Angeles (NYP) Angels : RHP Troy Ingram
|
|
Batting: RHB David McClellan
|
0-0: Ball 1-0: Swinging Strike 1-1: Ball 2-1: Ball 3-1: Swinging Strike 3-2: Strikes out swinging
|
|
Pitching: RHP Victor Padilla
|
|
|
Batting: RHB Steve Raine
|
0-0: Ball 1-0: Foul Ball, location: 2F 1-1: Ball 2-1: Swinging Strike 2-2: Strikes out swinging
|
|
Batting: LHB Hector Olvera
|
0-0: Fly out, F8 (Flyball, 8LD, EV 102.5 MPH)
|
| Bottom of the 6th over - 0 runs, 0 hits, 0 errors, 0 left on base; Los Angeles (NYP) 2 - Minnesota (NYP) 7 |
| TOP OF THE 7TH |
|
Los Angeles (NYP) Angels batting - Pitching for Minnesota (NYP) Twins : LHP Bryan Rouse
|
|
Batting: RHB Ron Major
|
0-0: Ball 1-0: Ball 2-0: Called Strike 2-1: SINGLE (Groundball, 34D, EV 111.9 MPH)
|
|
Batting: RHB Khalil Thurston
|
0-0: Fly out, F7 (Line Drive, 7S, EV 93.8 MPH)
|
|
Batting: RHB Arnaud Derosiers
|
0-0: Ball 1-0: Ball 2-0: Ball 3-0: Foul Ball, location: 2F 3-1: Called Strike 3-2: Foul Ball, location: 2F 3-2: Foul Ball, location: 2F 3-2: Grounds into double play, 5-4-3 (Groundball, 56S, EV 88.8 MPH)
|
| Top of the 7th over - 0 runs, 1 hit, 0 errors, 0 left on base; Los Angeles (NYP) 2 - Minnesota (NYP) 7 |
| BOTTOM OF THE 7TH |
|
Minnesota (NYP) Twins batting - Pitching for Los Angeles (NYP) Angels : RHP Victor Padilla
|
|
Batting: RHB Fernando Bravo
|
0-0: Called Strike 0-1: Ground out 5-3 (Groundball, 5, EV 81.2 MPH)
|
|
Batting: RHB Chris Bejarano
|
0-0: Ball 1-0: Called Strike 1-1: Foul Ball, location: 2F 1-2: Ball 2-2: Foul Ball, location: 2F 2-2: Foul Ball, location: 2F 2-2: Foul Ball, location: 2F 2-2: Foul Ball, location: 2F 2-2: Ball 3-2: Foul Ball, location: 2F 3-2: Foul Ball, location: 2F 3-2: Base on Balls
|
|
Batting: LHB Ben Roth
|
0-0: Ball 1-0: Called Strike 1-1: Foul Ball, location: 2F 1-2: Ball 2-2: Ground out 1-3 (Groundball, 25, EV 66.9 MPH) Chris Bejarano to second
|
|
Batting: LHB Jose Hilario
|
0-0: Called Strike 0-1: Foul Ball, location: 2F 0-2: Ball 1-2: Ball 2-2: Ball 3-2: Strikes out swinging
|
| Bottom of the 7th over - 0 runs, 0 hits, 0 errors, 1 left on base; Los Angeles (NYP) 2 - Minnesota (NYP) 7 |
| TOP OF THE 8TH |
|
Los Angeles (NYP) Angels batting - Pitching for Minnesota (NYP) Twins : LHP Bryan Rouse
|
|
Batting: RHB Dean LeCroy
|
0-0: Ball 1-0: Ball 2-0: Foul Ball, location: 2F 2-1: Foul Ball, location: 2F 2-2: DOUBLE (Line Drive, 9LM, EV 104.4 MPH)
|
|
Pitching: RHP Karel Braaksma
|
|
|
Batting: RHB Dan Burkhart
|
0-0: Ball 1-0: Fly out, F7 (Flyball, 7, EV 91.9 MPH)
|
|
Batting: RHB Aaron Bryant
|
0-0: Swinging Strike 0-1: Ball Wild Pitch! Dean LeCroy to third 1-1: Called Strike 1-2: Ball 2-2: Ground out 5-3 (Groundball, 56S, EV 61.2 MPH) Dean LeCroy scores
|
|
Batting: LHB Bill Girton
|
0-0: Ball 1-0: Ball 2-0: Called Strike 2-1: Ball 3-1: Base on Balls
|
|
Batting: RHB Wilford Harper
|
0-0: SINGLE (Groundball, 4D, EV 110.6 MPH) Bill Girton to second Runner from 2nd tries for 3rd, SAFE, throw by CF made to third Wilford Harper to second
|
|
Batting: RHB David Rhodes
|
0-0: Ball Wild Pitch! Bill Girton scores Wilford Harper to third 1-0: Ball 2-0: Foul Ball, location: 2F 2-1: SINGLE (Groundball, 5D, EV 105.0 MPH) Wilford Harper scores
|
|
Batting: RHB Ron Major
|
0-0: Ball 1-0: Ball 2-0: Ball 3-0: Base on Balls David Rhodes to second
|
|
Pitching: LHP Travis Joyal
|
|
|
Batting: RHB Khalil Thurston
|
0-0: Ball 1-0: Called Strike 1-1: Ball 2-1: Called Strike 2-2: Strikes out swinging
|
| Top of the 8th over - 3 runs, 3 hits, 0 errors, 2 left on base; Los Angeles (NYP) 5 - Minnesota (NYP) 7 |
| BOTTOM OF THE 8TH |
|
Minnesota (NYP) Twins batting - Pitching for Los Angeles (NYP) Angels : RHP Victor Padilla
|
|
Pitching: RHP Eli Mercedes
|
|
|
Batting: SHB Juan Aguilar
|
0-0: Swinging Strike 0-1: Ball 1-1: Called Strike 1-2: Ball 2-2: Strikes out looking
|
|
Batting: RHB Caleb Bockmann
|
0-0: Ball 1-0: Ball 2-0: Fly out, F8 (Line Drive, 8RS, EV 95.6 MPH)
|
|
Batting: RHB David McClellan
|
0-0: Ground out U3 (Groundball, 13, EV 88.1 MPH)
|
| Bottom of the 8th over - 0 runs, 0 hits, 0 errors, 0 left on base; Los Angeles (NYP) 5 - Minnesota (NYP) 7 |
| TOP OF THE 9TH |
|
Los Angeles (NYP) Angels batting - Pitching for Minnesota (NYP) Twins : LHP Travis Joyal
|
|
Pitching: LHP Yeijiro Kimura
|
|
|
Batting: RHB Arnaud Derosiers
|
0-0: Ball 1-0: Foul Ball, location: 2F 1-1: Ball 2-1: Swinging Strike 2-2: Foul Ball, location: 2F 2-2: Strikes out swinging
|
|
Batting: RHB Dean LeCroy
|
0-0: Foul Ball, location: 2F 0-1: Foul Ball, location: 2F 0-2: Ball 1-2: Ball 2-2: Ball 3-2: Strikes out swinging
|
|
Batting: RHB Dan Burkhart
|
0-0: Ball 1-0: SINGLE (Groundball, 5D, EV 98.8 MPH)
|
|
Batting: RHB Aaron Bryant
|
0-0: Ball 1-0: Ball 2-0: Fly out, F9 (Flyball, 89S, EV 91.9 MPH)
|
| Top of the 9th over - 0 runs, 1 hit, 0 errors, 1 left on base; Los Angeles (NYP) 5 - Minnesota (NYP) 7 |
|